Selects Armored Support Battlegroup
Construct Light Support Kompanie
le.IG 18 Mechanized Group
Selects Superior Fire Drills
Pak 38 Anti-tank Gun Team
Construct Panzerarmee Kommand
Selects Flammpanzer III Medium Tank
Selects Command Panzer IV F Medium Tank
Command Panzer IV F Medium Tank
Flak 36 Anti-tank Gun Team
Command Panzer IV F Medium Tank
Selects Stuka Anti-tank Loiter
Command Panzer IV F Medium Tank